Map: World of Sleepers LE

Players

Namshar - Winner!

  • Race: Zerg Zerg
  • Spawn Location: 1:00

RiSky

  • Race: Zerg Zerg
  • Spawn Location: 7:00

Event: IEM Katowice 2020

VOD

Have the link to the VOD?

Description

Time

  • Played on: Feb. 25, 2020, 6:55 a.m.
  • Length: 13:43

All games in this series

Show
View Real Time Build Order
Export as new Build Order

Namshar Zerg - Winner!

Build Orders: Hatch First, Lurkers 

Get SALT Encoding   

  12  0:00  Drone  
  13  0:12  Overlord  
  13  0:16  Drone  
  14  0:30  Drone x2  
  16  0:47  Hatchery  
  15  0:50  Drone  
  15  0:54  Drone  
  17  0:57  Drone  
  18  1:08  Extractor  
  17  1:12  Spawning Pool  
  17  1:15  Drone  
  17  1:18  Drone  
  18  1:27  Drone  
  19  1:40  Drone  
  20  1:52  Drone  
  21  1:59  Queen x2, Overlord, Drone  
  26  2:07  Metabolic Boost  
  26  2:10  Zergling x2  
  26  2:11  Drone  
  28  2:21  Drone  
  29  2:23  Zergling x2  
  30  2:33  Drone x2  
  30  2:36  Hatchery  
  31  2:43  Baneling Nest  
  30  2:44  Drone  
  30  2:50  Overlord  
  30  3:01  Drone  
  30  3:03  Drone  
  30  3:05  Zergling x4  
  34  3:08  Drone  
  34  3:09  Drone x2  
  37  3:13  Queen  
  37  3:15  Zergling x2  
  37  3:19  Zergling x2  
  40  3:25  Evolution Chamber  
  39  3:29  Baneling x2  
  40  3:34  Drone x4  
  40  3:40  Overlord  
  43  3:49  Drone x4  
  43  3:50  Drone  
  43  3:54  Drone  
  49  3:55  Overlord  
  49  3:59  Lair  
  49  4:03  Extractor  
  49  4:04  Extractor  
  49  4:05  Roach Warren  
  49  4:07  Drone  
  49  4:09  Drone x2  
  48  4:15  Drone x3  
  51  4:18  Drone x2  
  51  4:19  Drone  
  54  4:24  Zerg Missile Weapons Level 1  
  54  4:26  Drone x2  
  54  4:30  Drone x3  
  59  4:34  Drone x3  
  62  4:44  Extractor, Drone x6  
  66  4:46  Extractor  
  66  4:49  Overlord  
  66  4:50  Overlord  
  64  4:57  Glial Reconstitution  
  64  5:01  Overlord  
  64  5:08  Roach x5  
  64  5:09  Roach  
  64  5:12  Overlord  
  64  5:13  Roach  
  64  5:14  Roach  
  80  5:18  Nydus Network  
  79  5:26  Roach x4  
  87  5:32  Overlord  
  87  5:33  Overlord  
  87  5:35  Roach x2  
  91  5:47  Roach x3  
  97  5:56  Nydus Canal  
  97  6:00  Roach  
  97  6:01  Roach x2  
  103  6:11  Roach x6  
  114  6:17  Roach x5  
  108  6:26  Nydus Canal  
  108  6:27  Roach x4  
  108  6:30  Queen  
  108  6:32  Roach  
  114  6:40  Nydus Canal  
  114  6:44  Overlord x4  
  114  6:58  Nydus Canal  
  100  7:10  Queen  
  100  7:11  Queen x2  
  106  7:17  Nydus Canal  
  100  7:23  Drone  
  100  7:24  Spore Crawler x2, Drone x2  
  100  7:25  Spore Crawler  
  88  7:34  Roach x13  
  104  7:46  Queen  
  104  7:47  Drone x4  
  100  7:52  Spore Crawler  
  100  7:54  Burrow  
  99  8:00  Queen  
  99  8:03  Spore Crawler  
  99  8:04  Zerg Missile Weapons Level 2  
  94  8:06  Nydus Canal  
  93  8:22  Queen  
  93  8:23  Spore Crawler  
  93  8:25  Drone  
  93  8:26  Drone  
  95  8:35  Queen  
  95  8:41  Nydus Canal  
  97  8:43  Roach x7  
  107  8:57  Queen  
  107  8:58  Drone  
  107  8:59  Drone x2  
  110  9:04  Queen  
  98  9:10  Tunneling Claws  
  98  9:17  Queen  
  98  9:20  Nydus Canal  
  98  9:22  Roach x6  
  112  9:32  Roach x2  
  112  9:33  Overlord  
  112  9:34  Overlord x2  
  116  9:46  Roach x7  
  116  9:47  Overlord x4  
  114  9:56  Hydralisk Den  
  114  9:57  Roach x7  
  119  10:07  Roach x4  
  119  10:09  Nydus Canal  
  119  10:10  Roach x3  
  117  10:18  Roach x3  
  117  10:20  Overlord  
  109  10:22  Queen  
  109  10:24  Drone  
  110  10:28  Muscular Augments  
  110  10:32  Hydralisk x5  
  110  10:35  Hatchery  
  115  10:36  Lurker Den  
  115  10:42  Hydralisk x2  
  112  10:43  Hydralisk  
  112  10:48  Nydus Canal  
  112  10:49  Queen  
  116  10:55  Hydralisk x2  
  118  11:15  Overlord  
  118  11:17  Drone x2  
  120  11:18  Drone  
  120  11:19  Extractor, Drone x2  
  120  11:20  Drone  
  120  11:21  Drone x2  
  120  11:22  Drone x4, Infestation Pit  
  126  11:28  Roach x2  
  126  11:30  Roach x4  
  126  11:32  Drone  
  127  11:36  Roach  
  127  11:37  Spore Crawler, Overlord  
  127  11:38  Lurker x2  
  127  11:39  Lurker x2  
  130  11:40  Grooved Spines  
  130  11:41  Hydralisk  
  130  11:45  Hydralisk  
  130  11:46  Hydralisk  
  136  11:56  Drone  
  136  11:59  Extractor  
  130  12:01  Hive  
  130  12:07  Hydralisk x3  
  132  12:12  Drone x3  
  132  12:13  Drone  
  132  12:14  Drone x4  
  140  12:21  Drone  
  139  12:23  Evolution Chamber  
  138  12:30  Overlord  
  138  12:35  Hydralisk x4  
  146  12:52  Hydralisk x5  
  146  12:53  Hydralisk x3  
  146  12:55  Lurker  
  163  13:08  Roach x11  
  185  13:14  Nydus Canal  
Show
View Real Time Build Order
Export as new Build Order

RiSky Zerg 

Build Orders: Hatch First 

Get SALT Encoding   

  12  0:00  Drone  
  13  0:12  Overlord  
  13  0:17  Drone  
  14  0:30  Drone x2  
  16  0:46  Hatchery  
  15  0:50  Drone  
  15  0:54  Drone  
  17  0:57  Drone  
  18  1:08  Extractor  
  17  1:12  Spawning Pool  
  17  1:15  Drone  
  17  1:19  Drone  
  18  1:27  Drone  
  19  1:38  Drone  
  20  1:49  Drone  
  21  1:59  Overlord  
  21  2:00  Zergling x2, Queen x2  
  26  2:09  Drone, Metabolic Boost  
  26  2:10  Drone  
  28  2:19  Drone  
  28  2:21  Drone  
  30  2:30  Drone  
  30  2:34  Hatchery  
  30  2:40  Zergling x2  
  31  2:46  Baneling Nest  
  31  2:48  Drone  
  31  2:53  Overlord  
  31  3:02  Drone x2  
  31  3:04  Drone x2  
  35  3:08  Drone  
  35  3:12  Overlord  
  36  3:13  Zergling x4  
  36  3:15  Drone  
  36  3:17  Drone  
  36  3:18  Overlord  
  40  3:21  Drone  
  41  3:31  Evolution Chamber, Baneling  
  41  3:32  Drone  
  41  3:34  Lair  
  41  3:37  Drone  
  41  3:40  Drone x2  
  44  3:44  Zergling x6  
  44  3:46  Zergling x2  
  48  3:50  Drone  
  48  3:52  Extractor, Drone x2  
  48  3:53  Extractor  
  49  3:58  Drone x2  
  49  3:59  Drone  
  49  4:01  Baneling x2  
  52  4:05  Drone  
  52  4:06  Baneling  
  52  4:09  Queen  
  54  4:12  Drone x2  
  54  4:13  Extractor  
  54  4:14  Drone  
  54  4:16  Drone  
  57  4:19  Drone x3  
  57  4:22  Zergling x2  
  61  4:27  Drone x2  
  63  4:33  Drone  
  63  4:37  Overlord  
  64  4:45  Spire, Drone x2  
  63  4:46  Drone  
  63  4:49  Overlord  
  63  4:51  Overlord  
  65  4:54  Overlord  
  65  4:56  Zerg Melee Weapons Level 1, Baneling  
  65  4:58  Drone x2  
  67  5:00  Extractor  
  67  5:01  Extractor, Drone  
  67  5:04  Zergling x2  
  67  5:05  Zergling x4  
  67  5:06  Zergling x2  
  70  5:11  Zergling x4  
  70  5:13  Zergling x2  
  73  5:18  Overlord  
  73  5:19  Drone x3  
  76  5:26  Drone  
  76  5:27  Baneling x3  
  77  5:28  Zergling x4  
  77  5:31  Zergling x10  
  84  5:36  Zergling x2  
  84  5:38  Zergling x4, Spine Crawler  
  84  5:41  Zergling x2  
  87  5:46  Zergling x2  
  87  5:47  Zergling x2  
  87  5:48  Zergling x4  
  91  5:52  Zergling x2  
  91  5:55  Zergling x2  
  93  5:59  Zergling x2  
  92  6:07  Zergling x10  
  84  6:12  Spine Crawler  
  84  6:14  Zergling x2  
  80  6:19  Mutalisk x3  
  80  6:23  Mutalisk x3  
  84  6:29  Mutalisk x2  
  84  6:31  Mutalisk  
  89  6:37  Mutalisk x2  
  93  6:40  Mutalisk x2  
  93  6:42  Mutalisk  
  98  6:47  Zergling x2  
  98  6:49  Zergling x2  
  98  6:52  Mutalisk  
  100  6:55  Zergling x2  
  100  6:57  Zergling x2  
  99  7:02  Zergling x4  
  99  7:03  Zergling x2  
  99  7:05  Zergling x4  
  99  7:07  Mutalisk  
  88  7:18  Mutalisk  
  75  7:40  Zergling x4  
  75  7:44  Zergling x4  
  79  7:47  Zergling x2  
  79  7:48  Zergling x2  
  81  7:56  Drone x2  
  82  8:00  Drone  
  82  8:01  Drone  
  82  8:07  Drone  
  82  8:08  Drone x2  
  82  8:10  Drone  
  86  8:16  Drone  
  86  8:19  Drone x2  
  89  8:20  Drone  
  89  8:22  Drone x2  
  88  8:27  Drone  
  88  8:32  Zergling x6  
  92  8:39  Zergling x2  
  90  8:48  Zergling x4  
  87  8:51  Spire, Zergling x4  
  85  8:56  Zergling x2  
  80  9:08  Hatchery  
  78  9:13  Drone  
  79  9:21  Drone x2  
  79  9:23  Drone  
  82  9:28  Drone x2  
  82  9:34  Drone, Queen  
  85  9:42  Zergling x2  
  85  9:43  Zergling x2  
  84  9:48  Zerg Melee Weapons Level 2  
  77  9:57  Overseer  
  66  10:14  Drone x3  
  66  10:17  Drone  
  68  10:22  Drone  
  69  10:28  Drone x2  
  69  10:30  Overseer  
  69  10:31  Drone  
  70  10:36  Drone x2  
  70  10:39  Drone x2  
  70  10:45  Drone  
  70  10:48  Drone  
  69  10:51  Drone  
  69  10:55  Spire  
  69  11:00  Drone x2  
  69  11:03  Drone  
  72  11:15  Drone x2  
  72  11:16  Drone x4  
  78  11:23  Drone x2  
  80  11:29  Drone x2  
  80  11:30  Drone  
  83  11:33  Roach Warren  
  83  11:35  Drone  
  84  11:43  Drone x2  
  84  11:45  Queen  
  84  11:46  Queen  
  90  11:48  Drone  
  90  11:49  Drone x2  
  93  11:56  Drone  
  93  11:57  Drone  
  93  11:59  Drone  
  92  12:03  Drone  
  92  12:05  Drone  
  89  12:09  Drone  
  89  12:12  Drone x2  
  89  12:14  Drone  
  88  12:16  Roach Warren  
  88  12:19  Hydralisk Den  
  88  12:20  Drone  
  86  12:23  Hydralisk Den  
  86  12:24  Drone x2  
  86  12:25  Infestation Pit  
  86  12:30  Drone  
  86  12:31  Drone  
  88  12:38  Drone  
  89  12:44  Drone  
  89  12:48  Hatchery  
  89  12:54  Lurker Den, Overlord  
  89  12:56  Hydralisk x2  
  89  12:57  Hydralisk x2  
  97  13:00  Overlord  
  97  13:12  Hydralisk x2  
  101  13:16  Hydralisk  
  101  13:18  Hydralisk  
  105  13:23  Overlord  

Tags
 
Add a new tag
Caveats
  • Supply blocks, unpowered buildings, or Contaminate may cause inaccurate times.
  • Supply counts are checked every 10 seconds.